Map: Tokamak LE

Players

Wingent - Winner!

  • Race: Protoss Protoss
  • League: Diamond
  • Spawn Location: 7:00

RotterdaM

  • Race: Protoss Protoss
  • Spawn Location: 1:00

VOD

Have the link to the VOD?

Description

Time

  • Played on: July 19, 2025, 1:36 p.m.
  • Length: 6:25
Show
View Real Time Build Order
Export as new Build Order

Wingent Protoss - Winner!

Build Orders: Blink Stalkers 

Get SALT Encoding   

  12  0:00  Probe  
  13  0:12  Probe  
  14  0:19  Pylon  
  14  0:24  Probe  
  15  0:33  Probe  
  15  0:39  Gateway  
  15  0:42  Probe  
  16  0:45  Assimilator  
  17  0:52  Probe  
  17  0:55  Assimilator  
  18  1:03  Probe  
  18  1:08  Gateway  
  19  1:11  Probe  
  20  1:19  Probe  
  21  1:26  Cybernetics Core  
  21  1:33  Probe  
  21  1:38  Pylon  
  22  1:45  Probe  
  23  1:57  Probe  
  24  2:08  Nexus  
  24  2:14  Sentry  
  24  2:15  Sentry  
  26  2:22  Pylon  
  28  2:25  Probe  
  28  2:28  Warp Gate  
  29  2:34  Stalker  
  29  2:42  Probe  
  32  2:44  Stalker  
  34  2:53  Shield Battery  
  34  2:57  Probe  
  35  3:06  Probe  
  35  3:09  Twilight Council  
  36  3:14  Probe  
  36  3:16  Probe  
  37  3:24  Stalker, Probe  
  37  3:25  Probe  
  42  3:36  Probe  
  43  3:41  Gateway  
  43  3:42  Probe  
  43  3:43  Blink  
  43  3:48  Probe  
  45  3:49  Assimilator  
  45  3:50  Probe  
  45  3:51  Pylon  
  46  4:07  Probe x2  
  46  4:09  Gateway  
  48  4:17  Stalker  
  48  4:18  Stalker  
  52  4:26  Probe x2  
  54  4:32  Gateway  
  54  4:36  Stalker  
  56  4:38  Probe x2  
  56  4:45  Stalker x2  
  62  4:51  Pylon  
  62  5:01  Pylon x2  
  62  5:09  Probe  
  62  5:12  Stalker  
  62  5:13  Stalker x2  
  69  5:16  Stalker, Pylon  
  69  5:18  Probe  
  70  5:24  Gateway  
  70  5:26  Probe  
  71  5:31  Stalker  
  73  5:36  Stalker x2  
  73  5:40  Stalker  
  79  5:50  Stalker  
  79  5:55  Stalker  
  83  6:02  Robotics Facility  
  83  6:11  Stalker x3  
Show
View Real Time Build Order
Export as new Build Order

RotterdaM Protoss 

Build Orders: Phoenix Opening 

Get SALT Encoding   

  12  0:00  Probe  
  13  0:12  Probe  
  14  0:17  Pylon  
  14  0:24  Probe  
  15  0:33  Probe  
  15  0:35  Gateway  
  15  0:41  Probe  
  15  0:42  Assimilator  
  17  0:51  Probe  
  18  1:01  Gateway  
  18  1:04  Probe  
  19  1:10  Assimilator  
  19  1:16  Probe  
  20  1:24  Cybernetics Core  
  20  1:28  Probe  
  21  1:40  Probe  
  21  1:43  Pylon  
  22  1:50  Stalker  
  22  1:51  Stalker  
  22  1:52  Probe  
  27  2:10  Pylon  
  27  2:15  Stalker  
  27  2:17  Stalker  
  31  2:32  Shield Battery  
  31  2:42  Stalker  
  31  2:44  Stalker  
  35  3:02  Stargate  
  35  3:06  Warp Gate  
  35  3:28  Nexus  
  35  3:29  Probe  
  36  3:41  Phoenix, Probe  
  36  3:43  Pylon  
  39  4:01  Probe  
  40  4:04  Phoenix  
  42  4:12  Twilight Council  
  42  4:13  Probe  
  43  4:22  Phoenix  
  43  4:26  Probe  
  44  4:38  Probe  
  45  4:47  Phoenix  
  45  4:50  Probe  
  45  4:51  Probe  
  49  5:01  Zealot  
  49  5:02  Probe  
  49  5:06  Zealot  
  54  5:10  Probe  
  55  5:14  Probe  
  56  5:21  Zealot  
  56  5:25  Shield Battery  
  56  5:26  Pylon  
  58  5:30  Gateway  
  58  5:32  Gateway  
  58  5:33  Probe  
  59  5:38  Zealot  
  59  5:41  Phoenix, Probe  
  62  5:45  Probe  
  62  5:49  Zealot  
  65  5:59  Phoenix  
  65  6:00  Zealot  
  61  6:13  Zealot  
Tags
 
Composition
Blink Stalkers
League
Diamond
Matchup
PvP
Player
RotterdaM
Spawn Locations
Cross Positions
Add a new tag
Caveats
  • Supply blocks, unpowered buildings, or Contaminate may cause inaccurate times.
  • Supply counts are checked every 10 seconds.